 Dungeon Crawl Stone Soup version 0.28.0-53-g5a82cb258f (webtiles) character file.

Game seed: 1159431875061866637

200942 doricub5 the Slayer (level 17, -2/181 HPs)
             Began as a Minotaur Fighter on July 19, 2022.
             Was an Elder of Okawaru.
             Slain by a bone dragon (6 damage)
             ... on level 5 of the Abyss on July 22, 2022.
             The game lasted 04:03:28 (42707 turns).

doricub5 the Slayer (Minotaur Fighter)             Turns: 42707, Time: 04:03:29

Health: -2/181     AC: 63    Str: 20    XL:     17   Next: 89%
Magic:  8/8        EV:  4    Int:  9    God:    Okawaru [****..]
Gold:   1303       SH: 17    Dex: 12    Spells: 16/16 levels left

rFire   . . .      SeeInvis +   N - +9 spear of the Doomed Warrior {antimagic, rN+ Str-5 Int+4}
rCold   + . .      Faith    .   c - +5 kite shield {rN+}
rNeg    + + .      Spirit   .   o - +19 crystal plate armour of Dishonour {Rampage Stlth+}
rPois   .          Reflect  .   U - +3 crown of Dyrovepreva {rElec Int+2 SInv}
rElec   +          Harm     .   D - +2 cloak of Tartarus {Rampage rElec rC+ Stlth-}
rCorr   .          Rampage  ∞   T - +2 pair of gloves
Will    ++...                   S - +3 pair of seven-league boots {Rampage+∞}
Stlth   ..........              (no amulet)
HPRegen 0.00/turn               C - +4 ring of protection
MPRegen 0.11/turn               Q - ring of willpower

@: sick
A: horns 2, retaliatory headbutt, dopey 1, weak 1
}: 1/15 runes: serpentine
a: Renounce Religion, Heroism, Finesse


You were on level 5 of the Abyss.
You worshipped Okawaru.
Okawaru was greatly pleased with you.
You visited 6 branches of the dungeon, and saw 28 of its levels.
You visited the Abyss 1 time.
You also visited: Ice Cave.

You collected 3157 gold pieces.
You spent 1854 gold pieces at shops.

Inventory:

Hand Weapons
 g - the +2 spear "Adoroed" {holy, Int+5 Dex+5 Stlth-}
   (You bought it in a shop on level 4 of the Dungeon)

   It has been blessed by the Shining One to cause great damage to the undead
   and demons.
   Int:       It affects your intelligence (+5).
   Dex:       It affects your dexterity (+5).
   Stlth:     It makes you less stealthy.
 x - the +5 spear of Income {drain, rElec rC- Str+2}
   (You took it off an orc on level 5 of the Dungeon)

   A truly terrible weapon, it drains the life of any living foe it strikes.
   Str:       It affects your strength (+2).
   rC:        It makes you vulnerable to cold.
   rElec:     It insulates you from electricity.
 N - the +9 spear of the Doomed Warrior (weapon) {antimagic, rN+ Str-5 Int+4}
   (You bought it in a shop on level 2 of the Orcish Mines)

   It reduces the magical energy of the wielder, and disrupts the spells and
   magical abilities of those it strikes.
   Natural abilities and divine invocations are not affected.
   Str:       It affects your strength (-5).
   Int:       It affects your intelligence (+4).
   rN:        It protects you from negative energy.
 R - the +3 glaive of Tumult {vorpal, rPois rC+ Int-3 Stlth+}
   (Okawaru gifted it to you on level 5 of the Lair of Beasts)

   It inflicts extra damage upon your enemies.
   Int:       It affects your intelligence (-3).
   rC:        It protects you from cold.
   rPois:     It protects you from poison.
   Stlth:     It makes you more stealthy.
 W - a +2 demon trident of draining
Missiles
 Z - 7 silver javelins (quivered)
Armour
 c - a +5 kite shield of positive energy (worn)
 f - a +0 cloak of cold resistance
 o - the +19 crystal plate armour of Dishonour (worn) {Rampage Stlth+}
   (Okawaru gifted it to you on level 3 of the Snake Pit)

   Rampage:   It bestows one free step when moving towards enemies.
   Stlth:     It makes you more stealthy.
 D - the +2 cloak of Tartarus (worn) {Rampage rElec rC+ Stlth-}
   (You bought it in a shop on level 2 of the Orcish Mines)

   rC:        It protects you from cold.
   rElec:     It insulates you from electricity.
   Rampage:   It bestows one free step when moving towards enemies.
   Stlth:     It makes you less stealthy.
 H - a +2 hat of willpower
 S - the +3 pair of seven-league boots (worn) {Rampage+∞}
   (You found it on level 5 of the Lair of Beasts)

   Its wearer moves as far as possible in that direction when moving towards
   enemies.
 T - a +2 pair of gloves (worn)
 U - the +3 crown of Dyrovepreva (worn) {rElec Int+2 SInv}
   (You bought it in a shop on level 3 of the Snake Pit)

   Int:       It affects your intelligence (+2).
   rElec:     It insulates you from electricity.
   SInv:      It lets you see invisible.
 Y - the +0 tower shield of Dramatic Exits {Regen+ rCorr Str-4 Int+7}
   (You took it off Louise on level 4 of the Snake Pit)

   Str:       It affects your strength (-4).
   Int:       It affects your intelligence (+7).
   Regen:     It increases your rate of health regeneration.
   rCorr:     It protects you from acid and corrosion.
Jewellery
 d - a ring of willpower
 e - an amulet of regeneration
 i - a ring of poison resistance
 p - a +4 ring of evasion
 r - a ring of protection from cold
 u - a +6 ring of dexterity
 A - a ring of flight
 C - a +4 ring of protection (left hand)
 L - an amulet of faith
 P - a ring of resist corrosion
 Q - a ring of willpower (right hand)
 V - a ring of see invisible
Wands
 k - a wand of acid (12)
 w - a wand of digging (12)
 y - a wand of flame (43)
 G - a wand of iceblast (16)
 J - a wand of mindburst (16)
 M - a wand of polymorph (3)
Scrolls
 a - a scroll of torment
 b - 2 scrolls of holy word
 m - 10 scrolls of teleportation
 n - 6 scrolls of fear
 q - 3 scrolls of silence
 s - 4 scrolls of fog
 t - 4 scrolls of blinking
 z - 3 scrolls of enchant weapon
 E - 3 scrolls of identify
 X - a scroll of enchant armour
Potions
 h - 5 potions of flight
 j - 11 potions of curing
 v - a potion of haste
 B - a potion of might
 F - 2 potions of berserk rage
 I - a potion of resistance
 K - 2 potions of cancellation


   Skills:
 * Level 23.9 Fighting
 - Level 2.4 Long Blades
 + Level 15.6 Polearms
 + Level 4.7 Throwing
 + Level 17.7 Armour
 + Level 13.6 Shields
 - Level 13.0 Invocations


You had 16 spell levels left.
You didn't know any spells.
Your spell library contained the following spells:

 Spells                   Type           Power      Damage    Failure   Level
 Foxfire                  Conj/Fire      0%         2x1d4     100%        1
 Shock                    Conj/Air       0%         1d3       100%        1
 Sting                    Tmut/Pois      0%         1d3       100%        1
 Corpse Rot               Necr/Air       0%         N/A       100%        2
 Poisonous Vapours        Pois/Air       0%         N/A       100%        2
 Sublimation of Blood     Necr           0%         N/A       100%        2
 Conjure Flame            Conj/Fire      0%         6-21      100%        3
 Frozen Ramparts          Ice            0%         1d2       100%        3
 Gell's Gravitas          Tloc           0%         N/A       100%        3
 Inner Flame              Hex/Fire       0%         N/A       100%        3
 Lesser Beckoning         Tloc           0%         N/A       100%        3
 Stone Arrow              Conj/Erth      0%         3d7       100%        3
 Swiftness                Air            0%         N/A       100%        3
 Teleport Other           Tloc           0%         N/A       100%        3
 Airstrike                Air            0%         N/A       100%        4
 Cause Fear               Hex            0%         N/A       100%        4
 Flame Wave               Conj/Fire      0%         2d4       100%        4
 Ice Form                 Ice/Tmut       0%         N/A       100%        4
 Olgreb's Toxic Radiance  Pois           0%         N/A       100%        4
 Petrify                  Tmut/Erth      0%         N/A       100%        4
 Fireball                 Conj/Fire      0%         3d3       100%        5
 Irradiate                Conj/Tmut      0%         3d13      100%        5
 Iskenderun's Battlesphe  Conj           0%         2d6       100%        5
 Conjure Ball Lightning   Conj/Air       0%         3x3d6     100%        6
 Dragon Form              Tmut           0%         N/A       100%        7
 Orb of Destruction       Conj           0%         9d5       100%        7
 Storm Form               Tmut/Air       0%         N/A       100%        7
 Lehudib's Crystal Spear  Conj/Erth      0%         10d2      100%        8
 Maxwell's Capacitive Co  Air            0%         ∞         100%        8
 Summon Guardian Golem    Hex/Summ       Unusable   N/A       N/A         3
 Animate Armour           Summ/Erth      Unusable   N/A       N/A         4
 Summon Ice Beast         Ice/Summ       Unusable   N/A       N/A         4
 Summon Lightning Spire   Summ/Air       Unusable   N/A       N/A         4
 Spellforged Servitor     Conj/Summ      Unusable   N/A       N/A         7
 Dragon's Call            Summ           Unusable   N/A       N/A         9

Dungeon Overview and Level Annotations

Branches:
Dungeon (15/15)            Temple (1/1) D:7            Lair (5/6) D:10
 Shoals (0/4) Lair:3        Snake (4/4) Lair:2          Orc (2/2) D:10
    Elf (1/3) Orc:2        Vaults (0/5) D:13         Depths (0/4) D:15
  IceCv (visited)
  Slime: Lair:5-6

Altars:
Ashenzari
Cheibriados
Elyvilon
Fedhas
Gozag
Hepliaklqana
Kikubaaqudgha
Makhleb
Nemelex Xobeh
Okawaru
Qazlal
Ru
Sif Muna
Trog
Uskayaw
Vehumet
Wu Jian
Xom
Yredelemnul
Zin
The Shining One
Beogh

Shops:
D:4 (   D:5 !   D:10 *   Orc:2 *([:   Snake:3 [

Portals:
Trove: D:13 (give 7 scrolls of fog)

Annotations:
Elf:1 5 runed translucent doors


Innate Abilities, Weirdness & Mutations

You have a pair of horns on your head.
You reflexively headbutt those who attack you in melee.
You are dopey. (Int -2)
You are weak. (Str -2)


Message History

You block the catoblepas skeleton's attack.
You hit the bone dragon but do no damage.
You headbutt the bone dragon.
The bone dragon is severely damaged.
The bone dragon bites you.
* * * LOW HITPOINT WARNING * * *
You block the bone dragon's attack. The bone dragon tramples you!
* * * LOW HITPOINT WARNING * * *
You hold your ground!
You puncture the bone dragon!
You headbutt the bone dragon, but do no damage.
The bone dragon is severely damaged.
The catoblepas skeleton gores you but does no damage.
You hit the bone dragon but do no damage.
The bone dragon is severely damaged.
The bone dragon bites you.
* * * LOW HITPOINT WARNING * * *
You block the bone dragon's attack.
The bone dragon tramples you but does no damage.
You hit the bone dragon but do no damage.
The bone dragon is severely damaged.
The catoblepas skeleton gores you but does no damage.
You block the bone dragon's attack. x2
The bone dragon tramples you but does no damage.
You hit the bone dragon but do no damage.
The bone dragon is severely damaged.
You hit the bone dragon.
You headbutt the bone dragon, but do no damage.
The bone dragon is severely damaged.
The bone dragon bites you but does no damage.
The bone dragon claws you but does no damage.
You block the bone dragon's attack.
The catoblepas skeleton gores you but does no damage.
You hit the bone dragon.
The bone dragon is severely damaged.
You hit the bone dragon.
The bone dragon is severely damaged.
The bone dragon bites you but does no damage.
You block the bone dragon's attack. The bone dragon tramples you.
You die...

. . #.
.# ##.
## # ##
.. .
#...###
. .. #
#....#
. ... #
# #..
.. . #
##D##
.. . .
..
#@#†Z
......
. #.Z#
......#
.. #
##..###
# .
#..###
. # .#
# . ##


You could see a bone dragon and a catoblepas skeleton.

Vanquished Creatures
  Vashnia (Snake:4)
  Rupert (Lair:3)
  Asterion (Snake:1)
  Gastronok (D:9)
  A tentacled starspawn (Abyss:3)
  22 nagarajas
  Louise (Snake:4)
  An azure jelly (D:14)
  2 orc warlords (Arena)
  A cacodemon (Abyss:3)
  An ironbound preserver (D:13)
  2 reapers (IceCv)
  Aizul (Snake:3)
  Nessos (D:14)
  A deep elf demonologist (Elf:1)
  A purple draconian (Abyss:3)
  2 ettins
  A deep elf high priest (Elf:1)
  21 naga warriors
  2 rakshasas
  4 boulder beetles
  2 salamander tyrants
  9 hydras
  5 centaur warriors
  7 anacondas
  3 tengu warriors
  6 two-headed ogres
  The ghost of osoart the Cleaver, a novice DrBe of Trog (D:9)
  7 death yaks (Lair:4)
  A dancing weapon (Elf:1)
  4 shock serpents
  Urug (D:12)
  21 naga sharpshooters
  7 hell hogs
  The ghost of OhItsWolfy the Sharpshooter, a journeyman GrGl of Okawaru (D:11)
  6 orc high priests
  2 deep elf knights (Elf:1)
  7 thrashing horrors
  2 salamander mystics
  3 deep trolls
  A bog body (IceCv)
  A wizard (D:15)
  4 naga ritualists
  3 spriggan simulacra (IceCv)
  An obsidian statue (IceCv)
  An orb spider (Abyss:3)
  12 deep elf pyromancers
  4 orc knights (Orc:2)
  3 deep elf archers (Elf:1)
  A necromancer (D:15)
  6 mana vipers
  4 deep elf zephyrmancers (Elf:1)
  6 orc sorcerers
  3 ugly things
  14 salamanders
  5 cyclopes
  6 manticores
  14 naga magi
  8 guardian serpents
  3 spectral centaurs (D:9)
  A torpor snail (Lair:4)
  A black mamba (shapeshifter) (Abyss:3)
  4 elephants
  31 black mambas
  8 cane toads
  A smoke demon (Abyss:3)
  3 gargoyles
  The ghost of DocClef the Firebug, a novice GnFE of Cheibriados (D:5)
  3 rime drakes
  A kobold demonologist (D:11)
  An efreet (D:14)
  11 freezing wraiths
  6 komodo dragons
  A tengu conjurer (D:14)
  3 anaconda simulacra (IceCv)
  An entropy weaver simulacrum (IceCv)
  10 trolls
  2 ancient zymes (Abyss:5)
  An ice devil (Abyss:3)
  3 meliai (D:15)
  6 blink frogs
  A polar bear (shapeshifter) (D:15)
  15 slime creatures
  A dream sheep (Lair:5)
  3 raiju (Abyss:3)
  A snapping turtle (Lair:3)
  A jumping spider (shapeshifter) (D:14)
  A snapping turtle (shapeshifter) (D:13)
  2 centaur simulacra (D:9)
  A vampire (D:11)
  2 air elementals
  4 wraiths
  5 water elementals
  Sigmund (D:6)
  Eustachio (D:4)
  41 yaks
  4 basilisks
  2 dire elephant simulacra (IceCv)
  4 wyverns
  5 vampire mosquitoes
  5 minotaur simulacra (IceCv)
  A steam dragon (D:7)
  Grum (D:9)
  A large abomination (Abyss:4)
  58 nagas
  4 wargs
  Menkaure (D:5)
  11 water moccasins
  3 acid dragons
  A hydra simulacrum (IceCv)
  Pargi (D:4)
  A black bear (D:8)
  3 ice beasts
  An alligator simulacrum (IceCv)
  35 orc warriors
  A hornet zombie (D:6)
  3 starcursed masses (Abyss:3)
  3 necrophages (Lair:3)
  11 wolves
  5 boggarts (D:15)
  5 ogres
  21 centaurs
  4 kobold brigands
  5 deep troll simulacra (IceCv)
  9 bullfrogs
  A gnoll sergeant (D:12)
  A wyvern zombie (D:6)
  2 scorpions (D:5)
  A lindwurm simulacrum (IceCv)
  7 killer bees
  4 electric eels
  2 howler monkeys (D:5)
  7 centaur zombies
  A quasit (Abyss:3)
  A bullfrog zombie (D:3)
  2 hounds
  2 centaur skeletons (D:7)
  18 orc priests
  A jelly (D:6)
  An iguana (D:6)
  21 orc wizards
  Natasha (thrice) (D:3)
  A killer bee zombie (D:6)
  A hound skeleton (D:4)
  A mummy (D:4)
  A howler monkey zombie (D:9)
  Robin (D:3)
  3 gnolls (D:12)
  11 adders
  A howler monkey skeleton (D:5)
  A white imp (D:7)
  An adder skeleton (D:5)
  2 worms (D:2)
  2 dart slugs
  57 orcs
  7 endoplasms
  3 giant cockroaches
  8 goblins
  18 hobgoblins
  15 jackals
  22 kobolds
  4 quokkas
  10 ball pythons
  6 bats
  11 frilled lizards
  7 rats
921 creatures vanquished.

Vanquished Creatures (others)
  A naga (Snake:3)
  A howler monkey (D:7)
  3 orcs
  27 fungi
  19 plants
  12 starspawn tentacles (Abyss:3)
63 creatures vanquished.

Grand Total: 984 creatures vanquished

Notes
Turn   | Place    | Note
-------+----------+-------------------------------------------
     0 | D:1      | doricub5 the Minotaur Fighter began the quest for the Orb.
     0 | D:1      | Reached XP level 1. HP: 19/19 MP: 0/0
   126 | D:1      | Reached skill level 4 in Fighting
   143 | D:1      | Reached XP level 2. HP: 26/27 MP: 1/1
   326 | D:1      | Reached XP level 3. HP: 28/34 MP: 2/2
  1032 | D:2      | Reached skill level 5 in Fighting
  1221 | D:2      | Reached XP level 4. HP: 36/42 MP: 3/3
  1799 | D:2      | Found a snail-covered altar of Cheibriados.
  1904 | D:3      | Reached skill level 6 in Fighting
  1904 | D:3      | Reached XP level 5. HP: 39/50 MP: 4/4
  2064 | D:3      | Reached skill level 5 in Armour
  2154 | D:3      | Noticed Natasha
  2162 | D:3      | Killed Natasha
  2255 | D:3      | Noticed Natasha
  2263 | D:3      | Killed Natasha
  2264 | D:3      | Reached skill level 7 in Fighting
  2319 | D:3      | Noticed Robin
  2334 | D:3      | Reached XP level 6. HP: 55/60 MP: 5/5
  2339 | D:3      | Killed Robin
  2451 | D:3      | Noticed Natasha
  2457 | D:3      | Killed Natasha
  2567 | D:3      | Found a faded altar of an unknown god.
  2652 | D:4      | Noticed Pargi
  2662 | D:4      | Killed Pargi
  2711 | D:4      | Noticed Eustachio
  2744 | D:4      | Killed Eustachio
  2745 | D:4      | Reached skill level 8 in Fighting
  2745 | D:4      | Reached XP level 7. HP: 38/69 MP: 6/6
  2945 | D:4      | Found a snail-covered altar of Cheibriados.
  3317 | D:4      | Reached skill level 9 in Fighting
  3843 | D:4      | Found Fittuth's Antique Weapon Shop.
  3882 | D:5      | Entered Level 5 of the Dungeon
  3927 | D:5      | Found a runed translucent gate.
  3927 | D:5      | Found a runed translucent gate.
  3927 | D:5      | Found a runed translucent gate.
  3929 | D:5      | Noticed DocClef's ghost (novice GnFE)
  3929 | D:5      | Identified the +5 spear of Income {drain, rElec rC- Str+2}
  3939 | D:5      | Reached XP level 8. HP: 58/79 MP: 7/7
  3961 | D:5      | Reached skill level 10 in Fighting
  4268 | D:4      | Bought a shimmering spear for 224 gold pieces
  4268 | D:4      | Identified the +2 spear "Adoroed" {holy, Int+5 Dex+5
                  | Stlth-} (You bought it in a shop on level 4 of the Dungeon)
  4340 | D:5      | Found Xaak's Distillery.
  4398 | D:5      | Identified the +6 mace of Triumph {elec, +Blink rPois}
  4490 | D:5      | Found a burning altar of Makhleb.
  4491 | D:5      | Found a broken altar of Ashenzari.
  4522 | D:5      | Noticed Menkaure
  4523 | D:5      | Found a glowing golden altar of the Shining One.
  4524 | D:5      | Killed Menkaure
  4525 | D:5      | Found a shimmering altar of Xom.
  4525 | D:5      | Found a shimmering blue altar of Sif Muna.
  5008 | D:5      | Killed DocClef's ghost
  5009 | D:5      | Reached skill level 11 in Fighting
  5090 | D:6      | Found a basalt altar of Yredelemnul.
  5090 | D:6      | Found a sparkling altar of Nemelex Xobeh.
  5365 | D:6      | Found a glowing silver altar of Zin.
  5414 | D:6      | Reached skill level 12 in Fighting
  5414 | D:6      | Reached XP level 9. HP: 83/90 MP: 8/8
  5663 | D:6      | Noticed Sigmund
  5683 | D:6      | Killed Sigmund
  5684 | D:6      | Reached skill level 1 in Polearms
  5864 | D:6      | Identified the +2 ring mail of Rouqytato {rN+ Int-4 Dex-2
                  | Slay+5}
  6325 | D:7      | Found a staircase to the Ecumenical Temple.
  6329 | Temple   | Entered the Ecumenical Temple
  6405 | Temple   | Became a worshipper of Warmaster Okawaru
  6639 | D:7      | Reached skill level 1 in Invocations
  7066 | D:7      | Reached * piety under Okawaru
  7598 | D:8      | Reached skill level 13 in Fighting
  8290 | D:9      | Reached ** piety under Okawaru
  8291 | D:9      | Reached skill level 10 in Armour
  8332 | D:9      | Found a runed translucent gate.
  8332 | D:9      | Found a runed translucent gate.
  8332 | D:9      | Found a runed translucent gate.
  8333 | D:9      | Noticed a spectral centaur warrior
  8333 | D:9      | Noticed osoart's ghost (novice DrBe)
  8333 | D:9      | Noticed a spectral centaur warrior
  8333 | D:9      | Noticed a spectral centaur warrior
  8347 | D:9      | Noticed Grum
  8357 | D:9      | Reached XP level 10. HP: 84/101 MP: 11/11
  8367 | D:9      | Killed Grum
  8735 | D:9      | Reached skill level 5 in Polearms
  8898 | D:9      | Noticed Gastronok
  8921 | D:9      | Reached skill level 14 in Fighting
  8926 | D:9      | Killed Gastronok
  8926 | D:9      | Reached *** piety under Okawaru
  9128 | D:9      | Reached **** piety under Okawaru
  9407 | D:9      | Found a faded altar of an unknown god.
  9407 | D:9      | Found a faded altar of an unknown god.
  9407 | D:9      | Found a hazy altar of Hepliaklqana.
  9407 | D:9      | Noticed a two-headed ogre
  9409 | D:9      | Found a faded altar of an unknown god.
  9415 | D:9      | Killed a two-headed ogre
  9650 | D:9      | Killed a spectral centaur warrior
  9651 | D:9      | Reached skill level 5 in Invocations
  9678 | D:9      | Killed osoart's ghost
  9679 | D:9      | Reached XP level 11. HP: 41/111 MP: 5/13
  9682 | D:9      | Reached skill level 15 in Fighting
  9738 | D:9      | Identified the +9 chain mail "Hybboennao" {Will+ Str+2
                  | Int+2 SInv}
 10208 | D:10     | Entered Level 10 of the Dungeon
 10253 | D:10     | Found a staircase to the Orcish Mines.
 10302 | D:10     | Noticed a six-headed hydra
 10315 | D:10     | Killed a six-headed hydra
 10315 | D:10     | Reached ***** piety under Okawaru
 10775 | D:10     | Found a staircase to the Lair.
 10778 | D:10     | Found Kuasezas's Assorted Antiques.
 10797 | Lair:1   | Entered Level 1 of the Lair of Beasts
 10822 | Lair:1   | Noticed a four-headed hydra
 10832 | Lair:1   | Killed a four-headed hydra
 10909 | Lair:1   | Noticed a four-headed hydra
 10920 | Lair:1   | Killed a four-headed hydra
 11274 | Lair:1   | Found a burning altar of Makhleb.
 11757 | Lair:2   | Reached skill level 16 in Fighting
 11970 | Lair:2   | Reached skill level 5 in Shields
 11979 | Lair:2   | Received a gift from Okawaru
 12043 | Lair:2   | Found a staircase to the Snake Pit.
 12077 | Lair:2   | Reached XP level 12. HP: 108/124 MP: 15/15
 12933 | Lair:3   | Noticed an eight-headed hydra
 12945 | Lair:2   | Killed an eight-headed hydra
 13048 | Lair:3   | Received a gift from Okawaru
 13342 | Lair:3   | Noticed Rupert
 13362 | Lair:3   | Killed Rupert
 13363 | Lair:3   | Reached skill level 17 in Fighting
 13416 | Lair:3   | Found a staircase to the Shoals.
 13648 | Lair:3   | Received a gift from Okawaru
 14817 | Lair:4   | Noticed a death yak
 14822 | Lair:4   | Noticed a death yak
 14823 | Lair:4   | Noticed a death yak
 14823 | Lair:4   | Noticed a death yak
 14823 | Lair:4   | Noticed a death yak
 14823 | Lair:4   | Noticed a death yak
 14823 | Lair:4   | Noticed a death yak
 14846 | Lair:4   | Killed a death yak
 14846 | Lair:4   | Reached ****** piety under Okawaru
 14859 | Lair:4   | Killed a death yak
 14869 | Lair:4   | Killed a death yak
 14880 | Lair:4   | Killed a death yak
 14881 | Lair:4   | Reached XP level 13. HP: 113/134 MP: 18/18
 15137 | Lair:4   | Reached skill level 18 in Fighting
 15299 | Lair:4   | Reached skill level 10 in Polearms
 16320 | Lair:5   | Found the +3 pair of seven-league boots {Rampage+∞}
 16322 | Lair:5   | Identified the +3 glaive of Tumult {vorpal, rPois rC+ Int-3
                  | Stlth+} (Okawaru gifted it to you on level 5 of the Lair of
                  | Beasts)
 16322 | Lair:5   | Received a gift from Okawaru
 16744 | Orc:1    | Entered Level 1 of the Orcish Mines
 17376 | Orc:2    | Entered Level 2 of the Orcish Mines
 17849 | Orc:2    | Noticed an ettin
 17872 | Orc:2    | Killed an ettin
 18246 | Orc:2    | Received a gift from Okawaru
 18254 | Orc:2    | Found a staircase to the Elven Halls.
 18448 | Orc:2    | Reached skill level 19 in Fighting
 18465 | Orc:2    | Noticed an orc warlord
 18473 | Orc:2    | Found Heanuh's Antique Armour Boutique.
 18476 | Orc:2    | Bought a polished cloak for 256 gold pieces
 18476 | Orc:2    | Identified the +2 cloak of Tartarus {Rampage rElec rC+
                  | Stlth-} (You bought it in a shop on level 2 of the Orcish
                  | Mines)
 18699 | Orc:2    | Found Edoif's Book Boutique.
 18788 | Orc:2    | Reached XP level 14. HP: 68/146 MP: 19/19
 19070 | Orc:1    | Noticed an orc warlord
 19076 | Arena    | Entered the Arena
 19088 | Arena    | Killed an orc warlord
 19126 | Orc:2    | Found Xesacoff's Antique Weapon Emporium.
 19145 | Orc:2    | Bought an iridescent spear for 280 gold pieces
 19145 | Orc:2    | Identified the +9 spear of the Doomed Warrior {antimagic,
                  | rN+ Str-5 Int+4} (You bought it in a shop on level 2 of the
                  | Orcish Mines)
 19407 | Orc:2    | Received a gift from Okawaru
 19664 | Orc:2    | Found Jakk's General Store.
 19672 | Orc:2    | Bought a scroll of silence for 105 gold pieces
 19672 | Orc:2    | Bought a +1 pair of gloves for 161 gold pieces
 19797 | Arena    | Entered the Arena
 19813 | Arena    | Killed an orc warlord
 20219 | Snake:1  | Entered Level 1 of the Snake Pit
 21797 | Snake:1  | Noticed Asterion
 21800 | Snake:1  | Reached skill level 10 in Invocations
 21811 | Snake:1  | Killed Asterion
 21812 | Snake:1  | Reached skill level 20 in Fighting
 22601 | Snake:1  | Received a gift from Okawaru
 22759 | Snake:1  | Reached skill level 15 in Armour
 23108 | Snake:2  | Identified the +1 chain mail of Limitation {Harm rC+ Int-5}
 23762 | Snake:2  | Noticed a nagaraja
 23779 | Snake:2  | Killed a nagaraja
 23780 | Snake:2  | Reached skill level 10 in Shields
 24246 | Snake:2  | Reached XP level 15. HP: 156/156 MP: 7/21
 25685 | Snake:3  | Found Ganed's Antique Armour Emporium.
 25757 | Snake:3  | Identified the +19 crystal plate armour of Dishonour
                  | {Rampage Stlth+} (Okawaru gifted it to you on level 3 of
                  | the Snake Pit)
 25757 | Snake:3  | Received a gift from Okawaru
 25800 | Snake:3  | Bought the +3 crown of Dyrovepreva {rElec Int+2 SInv} for
                  | 828 gold pieces
 25800 | Snake:3  | Found the +3 crown of Dyrovepreva {rElec Int+2 SInv}
 25846 | Snake:3  | Reached skill level 21 in Fighting
 26289 | Snake:3  | Noticed Aizul
 26324 | Snake:3  | Killed Aizul
 26458 | Snake:3  | Noticed a nagaraja
 26475 | Snake:3  | Killed a nagaraja
 27727 | Snake:4  | Entered Level 4 of the Snake Pit
 28287 | Snake:4  | Noticed a nagaraja
 28341 | Snake:4  | Killed a nagaraja
 28630 | Snake:4  | Received a gift from Okawaru
 28662 | Snake:4  | Noticed a nagaraja
 28698 | Snake:4  | Killed a nagaraja
 28858 | Snake:4  | Noticed a nagaraja
 28874 | Snake:4  | Killed a nagaraja
 28887 | Snake:4  | Noticed a nagaraja
 28922 | Snake:4  | Killed a nagaraja
 28974 | Snake:4  | Noticed a nagaraja
 29002 | Snake:4  | Killed a nagaraja
 29020 | Snake:4  | Noticed a nagaraja
 29123 | Snake:4  | Reached XP level 16. HP: 152/168 MP: 7/23
 30001 | Snake:4  | Reached skill level 22 in Fighting
 31350 | Snake:4  | Received a gift from Okawaru
 31845 | Snake:4  | Noticed Vashnia
 31929 | Snake:4  | Killed Vashnia
 32512 | Snake:4  | Identified the +0 tower shield of Dramatic Exits {Regen+
                  | rCorr Str-4 Int+7}
 32512 | Snake:4  | Noticed Louise
 32658 | Snake:4  | Killed Louise
 32931 | Snake:4  | Got a serpentine rune of Zot
 33590 | Snake:4  | Identified the +0 buckler of Munoj {rC- Int+4} (Okawaru
                  | gifted it to you on level 4 of the Snake Pit)
 33590 | Snake:4  | Received a gift from Okawaru
 34137 | Snake:4  | Found a glowing golden altar of the Shining One.
 34809 | D:10     | Found a stormy altar of Qazlal.
 35094 | D:11     | Found an ancient bone altar of Kikubaaqudgha.
 35171 | D:11     | Noticed OhItsWolfy's ghost (journeyman GrGl)
 35177 | D:11     | Found a runed translucent gate.
 35177 | D:11     | Found a runed translucent gate.
 35179 | D:11     | Found a runed translucent gate.
 35709 | D:11     | Killed OhItsWolfy's ghost
 35733 | D:11     | Reached skill level 1 in Throwing
 36095 | D:12     | Reached skill level 23 in Fighting
 36272 | D:12     | Noticed Urug
 36285 | D:12     | Killed Urug
 36286 | D:12     | Reached XP level 17. HP: 179/179 MP: 8/25
 36768 | D:13     | Identified the +6 chain mail of Bad Feelings {rN+ Str-5
                  | Dex+2 Stlth+}
 36977 | D:13     | Found a portal to a secret trove of treasure.
 37019 | D:13     | Found a gate to the Vaults.
 37698 | D:14     | Noticed Nessos
 37716 | D:14     | Killed Nessos
 37773 | D:14     | Identified the +7 hand crossbow "Pendulum" {penet, Int+9}
                  | (Okawaru gifted it to you on level 14 of the Dungeon)
 37773 | D:14     | Received a gift from Okawaru
 37829 | D:14     | Identified the +6 chain mail "Bais Rody" {rC+ rCorr Int-4
                  | Dex+4}
 37935 | D:14     | Reached skill level 15 in Polearms
 37989 | D:14     | Found a frozen archway.
 38023 | IceCv    | Entered an ice cave
 39359 | D:14     | Found a stormy altar of Qazlal.
 39620 | D:15     | Entered Level 15 of the Dungeon
 40123 | D:15     | Identified the +5 scale mail of Inevitability {Str+4 Int+3}
                  | (Okawaru gifted it to you on level 15 of the Dungeon)
 40123 | D:15     | Received a gift from Okawaru
 40184 | D:15     | Found a staircase to the Depths.
 41302 | Elf:1    | Entered Level 1 of the Elven Halls
 41879 | Elf:1    | Paralysed by an air elemental for 1 turns
 41999 | Elf:1    | Found a runed translucent gate.
 41999 | Elf:1    | Found a runed translucent gate.
 41999 | Elf:1    | Found a runed translucent gate.
 41999 | Elf:1    | Found a runed translucent gate.
 41999 | Elf:1    | Found a runed translucent gate.
 42003 | Elf:1    | Cast into level 3 of the Abyss (a deep elf demonologist)
 42117 | Abyss:3  | Paralysed by accursed screaming for 1 turns
 42162 | Abyss:3  | Gained mutation: You are weak. (Str -2) [a cacodemon]
 42180 | Abyss:3  | Gained mutation: You are dopey. (Int -2) [a cacodemon]
 42465 | Abyss:5  | Entered Level 5 of the Abyss
 42642 | Abyss:5  | HP: 4/181 [hell hog/fireball (34)]
 42672 | Abyss:5  | Noticed a bone dragon
 42700 | Abyss:5  | HP: 8/181 [bone dragon (7)]
 42707 | Abyss:5  | Slain by a bone dragon

Illustrated notes

Levels and vault maps discovered:
D:1:      lightli_arrival_maybe_door_vault, layout_loops_ring,
          minmay_hexomino_u4
D:2:      layout_basic, basic_altar, corexii_shack, minmay_lizard_king
D:3:      layout_rooms, dilly_ecumenical_altar_fadedgnrine,
          hangedman_abyss_or_decor_lesser_grid, kennysheep_generic_room_3,
          uniq_natasha, uniq_robin
D:4:      layout_gridville, slow_altar_1, serial_shops, nicolae_lakefront_shop,
          sigmund_army, uniq_pargi, uniq_eustachio
D:5:      layout_cave_pools, nicolae_overflow_hidden_temple,
          biasface_ghost_orc_armoury, nicolae_take_the_stairs, uniq_menkaure
D:6:      layout_loops_corners, mainiacjoe_overflow_alcove_2,
          gammafunk_temple_overflow_wave, nicolae_underground_beach,
          uniq_sigmund
D:7:      layout_basic, minmay_temple_entry_offerings
D:8:      layout_basic
D:9:      layout_long_grid, nicolae_hepliaklqana_ecumenical_no_more,
          gammafunk_ghost_necromancy, uniq_grum, uniq_gastronok
D:10:     layout_rooms, mainiacjoe_overflow_boulevard, lair_entry_dummy,
          orc_0_dummy, serial_shops, shop
D:11:     layout_small_grid, gammafunk_ghost_split, kiku_gazebo_garden_becter
D:12:     layout_basic, billiards_dpeg, uniq_urug
D:13:     layout_cave_pods, skrybe_vaults_entry_preservation, enter_trove_1,
          hangedman_decor_lopped
D:14:     layout_basic, nicolae_qazlal_eye_of_the_storm,
          portal_ice_cave_entry_frozen_things, uniq_nessos
D:15:     hangedman_depths_entry_civil_slaughter, layout_basic
Temple:   minmay_temple_curvy_loop
Lair:1:   layout_regular_city, basic_altar, serial_bayou_shore_a
Lair:2:   layout_regular_city, minmay_snake_entry_guardpost_small,
          chequers_serial_rivers_micro_d, nicolae_quartered_pool_little,
          minmay_hedge_maze, grunt_megastairs_3
Lair:3:   layout_cave_pods, minmay_shoals_entry_hut,
          chequers_serial_rivers_room_b, roderic_carrion_pond,
          infiniplex_staircase_pool, lemuel_fruit_fields, serial_bayou_shore_b,
          uniq_rupert
Lair:4:   layout_cellular_growth
Lair:5:   layout_roguey, hellmonk_guarded_unrand_seven_league_boots,
          serial_bayou_shore_b
Snake:1:  layout_grid_maze, serial_bayou_shore_b, uniq_asterion
Snake:2:  layout_basic, serial_bayou_shore_b
Snake:3:  layout_chambers, serial_shops, nicolae_shop_hallway_plus,
          lemuel_fruit_tree, uniq_aizul
Snake:4:  grunt_snake_rune_spirals, layout_onion_interference, basic_altar,
          grunt_ministairs_12, uniq_louise, uniq_vashnia
Orc:1:    layout_caves
Orc:2:    grunt_orc_gardens, layout_caves, grunt_orc_garden, grunt_orc_garden,
          grunt_orc_garden, grunt_orc_garden, basic_altar, nicolae_orc_rockfall
Elf:1:    nicolae_elf_arrival_fired_up, layout_geoelf_diagonals, orc_legates,
          minmay_shop_grove, grunt_megastairs_1
Abyss:5:  base: Vaults:4, base: Vaults:5, base: D:8,
          hangedman_abyss_rune_flesh_and_stone,
          guppyfry_abyss_exit_spiral_guarded, minivault_22,
          hangedman_abyss_or_decor_clamps

Skill      XL: |  1  2  3  4  5  6  7  8  9 10 11 12 13 14 15 16 17 |
---------------+----------------------------------------------------+-----
Fighting       | 4 5 6 7 8 9 12 13 14 16 17 19 20 21 23 | 23.9
Armour         | 4 5 6 7 8 10 11 12 13 14 15 16 17 | 17.7
Polearms       | 4 6 8 9 11 12 13 14 15 | 15.6
Invocations    | 3 5 6 8 9 10 11 12 13 | 13.0
Shields        | 5 7 9 10 11 12 13 | 13.6
Throwing       | 1 4 |  4.7
Long Blades    | |  2.4

Action                   |  1- 3 |  4- 6 |  7- 9 | 10-12 | 13-15 | 16-18 || total
-------------------------+-------+-------+-------+-------+-------+-------++-------
Melee: Long sword        |   109 |   145 |   102 |       |       |       ||   356
       Headbutt          |    13 |    24 |    58 |   169 |   402 |   659 ||  1325
       Spear             |       |       |   172 |   698 |  1219 |  2514 ||  4603
       Glaive            |       |       |       |       |   496 |       ||   496
Throw: Throwing net      |       |       |       |     1 |       |       ||     1
       Javelin           |       |       |       |       |       |     1 ||     1
Invok: Heroism           |       |       |       |     3 |     5 |     1 ||     9
       Finesse           |       |       |       |     1 |     7 |     7 ||    15
       Duel              |       |       |       |       |     2 |       ||     2
Evoke: Wand              |       |       |       |     8 |       |    14 ||    22
  Use: Scroll            |       |     9 |     3 |     9 |     9 |     7 ||    37
       Potion            |       |     3 |     1 |     1 |     6 |     9 ||    20
 Stab: Distracted        |       |       |       |       |       |     1 ||     1
Armor: Scale mail        |    31 |       |       |       |       |       ||    31
       Chain mail        |    21 |    64 |       |   226 |   596 |       ||   907
       Plate armour      |       |    86 |   166 |    93 |       |       ||   345
       Crystal plate arm |       |       |       |       |   239 |  1024 ||  1263
Dodge: Dodged            |    45 |    71 |    91 |   172 |   398 |   204 ||   981
Block: Buckler           |    19 |    39 |    57 |   104 |    24 |       ||   243
       Kite shield       |       |       |       |       |   518 |  1254 ||  1772
